 Dungeon Crawl Stone Soup version 0.26.0-18-gc5c842f807 (webtiles) character file.

Game seed: 3149558470662478433

264 Majorwet the Gusty (level 5, -6/41 HPs)
             Began as a Draconian Air Elementalist on Jan 22, 2021.
             Mangled by a phantom (7 damage)
             ... on level 3 of the Dungeon.
             The game lasted 00:30:04 (5100 turns).

Majorwet the Gusty (Draconian Air Elementalist)     Turns: 5100, Time: 00:30:05

Health: -6/41      AC:  6    Str: 11    XL:     5   Next: 98%
Magic:  7/9        EV: 12    Int: 15    God:
Gold:   212        SH:  0    Dex: 12    Spells: 5/10 levels left

rFire    + . .     SeeInvis .   r - +2 spear (chaos)
rCold    . . .     Faith    .   (no shield)
rNeg     . . .     Spirit   .   (armour unavailable)
rPois    +         Reflect  .   (helmet restricted)
rElec    .         Harm     .   (no cloak)
rCorr    .         Rampage  .   z - +0 pair of gloves (curse)
Will     .....                  (no boots)
Stlth    ++........             (no amulet)
HPRegen  0.13/turn              j - ring of protection from fire
MPRegen  0.11/turn              n - ring of poison resistance

@: attractive
A: unfitting armour, cold-blooded, AC +5
a: no special abilities


You were on level 3 of the Dungeon.
You visited 1 branch of the dungeon, and saw 4 of its levels.

You collected 212 gold pieces.

Inventory:

Hand Weapons
 b - a +0 club
 g - a +0 dagger
 q - a +0 dagger of chaos
 r - a +2 spear of chaos (weapon)
 v - a +1 dagger of speed
 A - a +2 vorpal flail
Missiles
 c - 2 throwing nets
Armour
 s - a +0 pair of gloves of archery
 z - a cursed +0 pair of gloves (worn)
Jewellery
 j - a ring of protection from fire (left hand)
 n - a ring of poison resistance (right hand)
Scrolls
 a - a scroll of fog
 e - 2 scrolls of teleportation
 f - a scroll of amnesia
 h - a scroll of immolation {unknown}
 o - 2 scrolls of remove curse {unknown}
 t - a scroll of enchant armour {unknown}
 u - a scroll of random uselessness {unknown}
 y - 2 scrolls of fear {unknown}
Potions
 d - 2 potions of resistance
 i - 2 potions of flight
 k - a potion of berserk rage {unknown}
 l - 2 potions of degeneration
 m - a potion of curing {unknown}
 w - a potion of heal wounds {unknown}
 C - a potion of haste {unknown}


   Skills:
 + Level 2.2 Fighting
 + Level 0.4 Short Blades
 + Level 0.4 Maces & Flails
 + Level 1.1 Polearms
 + Level 2.1 Dodging
 + Level 2.7 Stealth
 + Level 3.2 Spellcasting
 - Level 1.1 Conjurations
 * Level 4.5 Air Magic


You had 5 spell levels left.
You knew the following spells:

 Your Spells              Type           Power        Failure   Level
a - Shock                 Conj/Air       40%          6%          1
b - Airstrike             Air            8%           30%         4

Your spell library contained the following spells:

 Spells                   Type           Power        Failure   Level
 Swiftness                Air            16%          4%          2
 Static Discharge         Conj/Air       10%          19%         3
 Animate Skeleton         Necr           4%           21%         1
 Apportation              Tloc           4%           21%         1
 Corona                   Hex            2%           21%         1
 Summon Small Mammal      Summ           8%           21%         1
 Lightning Bolt           Conj/Air       5%           86%         5


Dungeon Overview and Level Annotations

Branches:
Dungeon (4/15)
 Temple: D:4-7

Altars:
Cheibriados
Dithmenos
Xom


Innate Abilities, Weirdness & Mutations

Your plain brown scales are hard. (AC +5)
You cannot fit into any form of body armour.
You are cold-blooded and may be slowed by cold attacks.


Message History

Your magical contamination has completely faded away.
Things that are here:
a worker ant corpse; a hound corpse You barely miss something.
Your tail-slap misses something.
Something hits you.
* * * LOW HITPOINT WARNING * * *
Okay, then.
Blink to where?
Press: ? - help, Dir - move target
As you read the scroll of blinking, it crumbles to dust.
Something is pulled toward you! Something hits you.
* * * LOW HITPOINT WARNING * * *
Something is pulled toward you!
You climb upwards.
Reactivating autopickup.
There is a stone staircase leading down here.
Unknown command.
Deactivating autopickup; reactivate with Ctrl-A.
You miss something. Something hits you!
You die...

.....#.# #.# #.##.# ..##.#.# #.#
#.##.# #.##.#.# #.# #.##.#
#.##.#.######.######## #.##(#
#.##.................#######.##.#
#.####.###(...#......(..........#
#....#.###..###.#............####
................#.##.........#
##...#.###......@....#########
##.##.# #..#####)##.#
###.##.###..# #)##.#
............#####.##.#
..#.#######.......<..#
..#.#############(####
###...............#
#################


There were no monsters in sight!

Vanquished Creatures
  A hound (D:4)
  2 worker ants
  2 adders (D:3)
  6 gnolls
  3 oozes
  4 worms
  5 dart slugs
  7 orcs (D:3)
  2 giant cockroaches
  9 goblins
  6 hobgoblins
  3 quokkas (D:3)
  A ball python (D:2)
  8 bats
  3 frilled lizards
  9 kobolds
  A quokka skeleton (D:4)
  7 rats
79 creatures vanquished.

Notes
Turn   | Place    | Note
-------+----------+-------------------------------------------
     0 | D:1      | Majorwet the Draconian Air Elementalist began the quest for
                  | the Orb.
     0 | D:1      | Reached XP level 1. HP: 14/14 MP: 3/3
   398 | D:1      | Reached XP level 2. HP: 20/20 MP: 3/5
  1134 | D:2      | Reached XP level 3. HP: 15/27 MP: 4/6
  1220 | D:2      | Reached skill level 1 in Fighting
  2107 | D:1      | Reached XP level 4. HP: 8/34 MP: 2/7
  2661 | D:1      | Learned a level 4 spell: Airstrike
  2818 | D:2      | Found a shimmering altar of Xom.
  3765 | D:3      | Reached XP level 5. HP: 41/41 MP: 7/9
  4014 | D:3      | Reached skill level 4 in Air Magic
  4543 | D:3      | Found a shadowy altar of Dithmenos.
  4922 | D:4      | Found a snail-covered altar of Cheibriados.
  4940 | D:4      | Reached skill level 1 in Polearms
  4975 | D:4      | Noticed a phantom
  4991 | D:4      | Noticed a phantom
  5098 | D:4      | HP: 1/41 [something (4)]
  5100 | D:3      | Mangled by a phantom

Illustrated notes

Levels and vault maps discovered:
D:1:      dpeg_arrival_tiny_c, layout_loops_ring, grunt_decor_one_mirror
D:2:      layout_loops_ring, grunt_ministairs_13, st_stairs_11, tgw_xom
D:3:      layout_loops_ring, grunt_dithmenos_smoke
D:4:      layout_basic, cheibriados_altar_1, minmay_liquid_box

Skill      XL: |  1  2  3  4  5 |
---------------+----------------+-----
Stealth        | 2 |  2.7
Fighting       | 1 2 |  2.2
Dodging        | 2 |  2.1
Air Magic      | 4 |  4.5
Spellcasting   | 3 |  3.2
Polearms       | 1 |  1.1
Short Blades   | |  0.4
Maces & Flails | |  0.4
Conjurations   | |  1.1

Action                   |  1- 3 |  4- 6 || total
-------------------------+-------+-------++-------
Melee: Club              |     9 |       ||     9
       Unarmed           |     5 |       ||     5
       Tailslap          |     7 |     4 ||    11
       Dagger            |    60 |       ||    60
       Spear             |       |    60 ||    60
 Cast: Shock             |    61 |    80 ||   141
  Use: Scroll            |       |     9 ||     9
       Potion            |       |     2 ||     2
 Stab: Sleeping          |     2 |     3 ||     5
Armor: Skin              |    16 |    22 ||    38
Dodge: Dodged            |    42 |    47 ||    89
